HSSL
BUCHANAN HS @ H.H. DOW HS CHARGERS
04/30/2023
 
TOP OF THE 1ST
Buchanan HS batting - Pitching for H.H. Dow HS Chargers : RHP Sergio Romero
Pitching: RHP Sergio Romero
Batting: RHB José Montoya 0-0: Ball
1-0: SINGLE (Groundball, 4MD)
Batting: SHB Frank Kennedy 0-0: Called Strike
0-1: Ball
1-1: Ball
2-1: Fly out, F4 (Popup, 34D)
Batting: RHB Leonardo Sinisterra 0-0: Called Strike
0-1: Foul Ball, location: 2F
0-2: Ball
1-2: Foul Ball, location: 2F
1-2: Foul Ball, location: 2F
1-2: Fielders Choice at 2nd, 1-6 (Groundball, 23)
Batting: RHB Jason Stover 0-0: Ball
1-0: Ball
2-0: Ball
3-0: Called Strike
3-1: Foul Ball, location: 2F
3-2: Ground out 1-3 (Groundball, 13S)
Top of the 1st over - 0 run(s), 1 hit(s), 0 error(s), 1 left on base; Buchanan HS 0 - H.H. Dow HS 0
BOTTOM OF THE 1ST
H.H. Dow HS Chargers batting - Pitching for Buchanan HS : RHP Stephen Beairsto
Pitching: RHP Stephen Beairsto
Batting: RHB Kris Ballard 0-0: Ball
1-0: SINGLE (Line Drive, 4D)
Batting: RHB Matt Osborne 0-0: Ball
1-0: Fielders Choice at 2nd, U6 (Groundball, 6M)
Batting: SHB Caden Keith 0-0: Ball
1-0: Ball
Matt Osborne steals 2nd base
2-0: Ball
3-0: Base on Balls
Batting: LHB José Morales 0-0: Called Strike
0-1: Foul Ball, location: 2F
0-2: Ball
1-2: Strikes out looking
Batting: RHB Jesús Domínguez 0-0: Ball
1-0: Foul Ball, location: 2F
1-1: Fielders Choice at 2nd, U4 (Groundball, 4M)
Bottom of the 1st over - 0 run(s), 1 hit(s), 0 error(s), 2 left on base; Buchanan HS 0 - H.H. Dow HS 0
TOP OF THE 2ND
Buchanan HS batting - Pitching for H.H. Dow HS Chargers : RHP Sergio Romero
Batting: RHB Matt Rodríguez 0-0: Called Strike
0-1: Fly out, F4 (Popup, 3D)
Batting: SHB Ken Gibson 0-0: Called Strike
0-1: Ball
1-1: Called Strike
1-2: Foul Ball, location: 2F
1-2: Foul Ball, location: 2F
1-2: Strikes out swinging
Batting: RHB Ken Miller 0-0: Ball
1-0: Called Strike
1-1: Ball
2-1: Foul Ball, location: 2F
2-2: Foul Ball, location: 2F
2-2: Fly out, F4 (Popup, 4M)
Top of the 2nd over - 0 run(s), 0 hit(s), 0 error(s), 0 left on base; Buchanan HS 0 - H.H. Dow HS 0
BOTTOM OF THE 2ND
H.H. Dow HS Chargers batting - Pitching for Buchanan HS : RHP Stephen Beairsto
Batting: RHB Tanner Albert 0-0: Swinging Strike
0-1: Swinging Strike
0-2: Ball
1-2: Strikes out swinging
Batting: LHB Larry Battle 0-0: Ground out 4-3 (Groundball, 4S)
Batting: LHB Paul Cotton 0-0: Ball
1-0: Fly out, F9 (Flyball, 9D)
Bottom of the 2nd over - 0 run(s), 0 hit(s), 0 error(s), 0 left on base; Buchanan HS 0 - H.H. Dow HS 0
TOP OF THE 3RD
Buchanan HS batting - Pitching for H.H. Dow HS Chargers : RHP Sergio Romero
Batting: RHB Mike Willis 0-0: Ball
1-0: Ball
2-0: Called Strike
2-1: Called Strike
2-2: Ball
3-2: Ground out 1-3 (Groundball, 15)
Batting: RHB Ron Hale 0-0: Called Strike
0-1: Ball
1-1: SINGLE (Groundball, 5)
Batting: RHB José Montoya 0-0: SINGLE (Groundball, 4D)
Ron Hale to second
Runner from 2nd tries for 3rd, SAFE, throw made to third
José Montoya to second
Batting: SHB Frank Kennedy 0-0: Foul Ball, location: 2F
0-1: Foul Ball, location: 2F
0-2: Strikes out swinging
Batting: RHB Leonardo Sinisterra 0-0: Ball
1-0: Swinging Strike
1-1: Called Strike
1-2: Ball
2-2: Ground out 6-3 (Groundball, 6)
Top of the 3rd over - 0 run(s), 2 hit(s), 0 error(s), 2 left on base; Buchanan HS 0 - H.H. Dow HS 0
BOTTOM OF THE 3RD
H.H. Dow HS Chargers batting - Pitching for Buchanan HS : RHP Stephen Beairsto
Batting: LHB Gary Powers 0-0: Ball
1-0: Called Strike
1-1: Ball
2-1: Ball
3-1: SINGLE (Groundball, 5D)
Batting: RHB Kris Ballard 0-0: Ball
Gary Powers steals 2nd base
1-0: Called Strike
1-1: Ball
2-1: Fly out, F8 (Flyball, 8RM)
Batting: RHB Matt Osborne 0-0: Ground out 6-3 (Groundball, 6M)
Gary Powers to third
Batting: SHB Caden Keith 0-0: Ball
1-0: Called Strike
1-1: Swinging Strike
1-2: Foul Ball, location: 2F
1-2: Hit by Pitch
Batting: LHB José Morales 0-0: Fly out, F7 (Flyball, 7D)
Bottom of the 3rd over - 0 run(s), 1 hit(s), 0 error(s), 2 left on base; Buchanan HS 0 - H.H. Dow HS 0
TOP OF THE 4TH
Buchanan HS batting - Pitching for H.H. Dow HS Chargers : RHP Sergio Romero
Batting: RHB Jason Stover 0-0: Ball
1-0: Ball
2-0: Called Strike
2-1: SINGLE (Groundball, 6MD)
Batting: RHB Matt Rodríguez 0-0: Ball
1-0: Called Strike
1-1: Swinging Strike
1-2: Fly out, F8 (Flyball, 8RS)
Batting: SHB Ken Gibson 0-0: Called Strike
Jason Stover is caught stealing 2nd base
0-1: SINGLE (Line Drive, 78S)
Batting: RHB Ken Miller 0-0: Fly out, F9 (Flyball, 9LM)
Top of the 4th over - 0 run(s), 2 hit(s), 0 error(s), 1 left on base; Buchanan HS 0 - H.H. Dow HS 0
BOTTOM OF THE 4TH
H.H. Dow HS Chargers batting - Pitching for Buchanan HS : RHP Stephen Beairsto
Batting: RHB Jesús Domínguez 0-0: Ball
1-0: Foul Ball, location: 2F
1-1: Swinging Strike
1-2: Ball
2-2: Strikes out swinging
Batting: RHB Tanner Albert 0-0: Ball
1-0: Called Strike
1-1: Ground out 6-3 (Groundball, 6)
Batting: LHB Larry Battle 0-0: Called Strike
0-1: Swinging Strike
0-2: Ball
1-2: Strikes out swinging
Bottom of the 4th over - 0 run(s), 0 hit(s), 0 error(s), 0 left on base; Buchanan HS 0 - H.H. Dow HS 0
TOP OF THE 5TH
Buchanan HS batting - Pitching for H.H. Dow HS Chargers : RHP Sergio Romero
Batting: RHB Mike Willis 0-0: Foul Ball, location: 2F
0-1: Fly out, F9 (Flyball, 89M)
Batting: RHB Ron Hale 0-0: Ball
1-0: Called Strike
1-1: Ball
2-1: SINGLE (Groundball, 56D)
Batting: RHB José Montoya 0-0: Ball
1-0: Ball
2-0: Called Strike
2-1: Foul Ball, location: 2F
2-2: Ball
3-2: Foul Ball, location: 2F
3-2: Foul Ball, location: 2F
3-2: Fielders Choice at 2nd, 5-4 (Groundball, 5)
Batting: SHB Frank Kennedy 0-0: Ball
José Montoya is caught stealing 2nd base
Top of the 5th over - 0 run(s), 1 hit(s), 0 error(s), 0 left on base; Buchanan HS 0 - H.H. Dow HS 0
BOTTOM OF THE 5TH
H.H. Dow HS Chargers batting - Pitching for Buchanan HS : RHP Stephen Beairsto
Batting: LHB Paul Cotton 0-0: Called Strike
0-1: Ball
1-1: Hit by Pitch
Batting: LHB Gary Powers 0-0: Ball
1-0: Ball
2-0: Called Strike
2-1: Ball
3-1: Base on Balls
Paul Cotton to second
Batting: RHB Kris Ballard 0-0: Ball
1-0: Foul Ball, location: 2F
1-1: Ball
2-1: SINGLE (Groundball, 5D)
Paul Cotton to third
Gary Powers to second
Runner from 3rd tries for Home, SAFE, throw made home
Gary Powers to third
Kris Ballard to second
Batting: RHB Matt Osborne 0-0: Ball
1-0: Called Strike
1-1: Ball
Wild Pitch!
Gary Powers scores
Kris Ballard to third
2-1: Ball
3-1: Swinging Strike
3-2: Base on Balls
Batting: SHB Caden Keith 0-0: Called Strike
0-1: Swinging Strike
0-2: Ball
1-2: Ball
2-2: Ball
3-2: Foul Ball, location: 2F
3-2: Base on Balls
Matt Osborne to second
Batting: LHB José Morales 0-0: Foul Ball, location: 2F
0-1: Ball
1-1: Foul Ball, location: 2F
1-2: Fly out, F9 (Line Drive, 9LM)
Runner from 3rd tags up, SCORES, no throw
Batting: RHB Jesús Domínguez 0-0: Ball
1-0: Ball
2-0: Called Strike
2-1: DOUBLE (Line Drive, 9LM)
Matt Osborne scores
Caden Keith to third
Runner from 3rd tries for Home, SAFE, no throw or cutoff
Pitching: RHP Mark Cox
Batting: RHB Tanner Albert 0-0: Called Strike
0-1: Foul Ball, location: 2F
0-2: Strikes out looking
Batting: LHB Larry Battle 0-0: Ball
1-0: SINGLE (Line Drive, 56D)
Jesús Domínguez to third
Runner from 3rd tries for Home, SAFE, no throw or cutoff
Batting: LHB Paul Cotton 0-0: Called Strike
0-1: Ball
Larry Battle steals 2nd base
1-1: Ball
2-1: Reached on error, E4 (Groundball, 4)
Larry Battle scores
Batting: LHB Gary Powers 0-0: Ball
1-0: Ball
2-0: Ball
3-0: Called Strike
3-1: Base on Balls
Batting: RHB Kris Ballard 0-0: Called Strike
0-1: SINGLE (Line Drive, 9LS)
Paul Cotton to third
Gary Powers to second
Batting: RHB Matt Osborne 0-0: Ball
1-0: Called Strike
1-1: Swinging Strike
1-2: Strikes out swinging
Bottom of the 5th over - 7 run(s), 4 hit(s), 1 error(s), 3 left on base; Buchanan HS 0 - H.H. Dow HS 7
TOP OF THE 6TH
Buchanan HS batting - Pitching for H.H. Dow HS Chargers : RHP Sergio Romero
Batting: SHB Frank Kennedy 0-0: Called Strike
0-1: Foul Ball, location: 2F
0-2: Fly out, F4 (Popup, 3DF)
Batting: RHB Leonardo Sinisterra 0-0: Ball
1-0: Ball
2-0: Called Strike
2-1: Ball
3-1: Base on Balls
Pitching: RHP Benton Wilkerson
Batting: RHB Jason Stover 0-0: Ball
1-0: Ball
2-0: Called Strike
2-1: Foul Ball, location: 2F
2-2: Fly out, F9 (Line Drive, 89M)
Batting: RHB Matt Rodríguez 0-0: Ball
1-0: Foul Ball, location: 2F
1-1: Ball
Leonardo Sinisterra steals 2nd base
2-1: Called Strike
2-2: Ball
3-2: Strikes out swinging
Top of the 6th over - 0 run(s), 0 hit(s), 0 error(s), 1 left on base; Buchanan HS 0 - H.H. Dow HS 7
BOTTOM OF THE 6TH
H.H. Dow HS Chargers batting - Pitching for Buchanan HS : RHP Mark Cox
Batting: SHB Caden Keith 0-0: Ball
1-0: SINGLE (Line Drive, 4MD)
Batting: LHB José Morales 0-0: Called Strike
0-1: Swinging Strike
0-2: Strikes out looking
Batting: RHB Jesús Domínguez 0-0: Ball
1-0: Ball
Caden Keith steals 2nd base
2-0: Called Strike
2-1: Ground out 5-3 (Groundball, 56)
Batting: RHB Tanner Albert 0-0: Swinging Strike
0-1: Ball
1-1: Foul Ball, location: 2F
1-2: Strikes out looking
Bottom of the 6th over - 0 run(s), 1 hit(s), 0 error(s), 1 left on base; Buchanan HS 0 - H.H. Dow HS 7
TOP OF THE 7TH
Buchanan HS batting - Pitching for H.H. Dow HS Chargers : RHP Benton Wilkerson
Batting: SHB Ken Gibson 0-0: Ball
1-0: SINGLE (Flyball, 7S)
Batting: RHB Ken Miller 0-0: Ball
1-0: Ball
2-0: Called Strike
2-1: Ball
3-1: Called Strike
3-2: Base on Balls
Ken Gibson to second
Batting: RHB Mike Willis 0-0: Ball
1-0: Fly out, F8 (Flyball, 8RS)
Batting: RHB Ron Hale 0-0: Ball
Ken Gibson steals 3rd base
Ken Miller to second
1-0: Fly out, F5 (Popup, 5SF)
Batting: RHB José Montoya 0-0: Ball
1-0: Swinging Strike
1-1: Called Strike
1-2: Ball
2-2: Strikes out swinging
Top of the 7th over - 0 run(s), 1 hit(s), 0 error(s), 2 left on base; Buchanan HS 0 - H.H. Dow HS 7
BOTTOM OF THE 7TH
H.H. Dow HS Chargers batting - Pitching for Buchanan HS : RHP Mark Cox
Batting: LHB Larry Battle 0-0: Foul Ball, location: 2F
0-1: Foul Ball, location: 2F
0-2: Ball
1-2: Ball
2-2: Ball
3-2: Foul Ball, location: 2F
3-2: Base on Balls
Batting: LHB Paul Cotton 0-0: Called Strike
0-1: Ball
1-1: Bunted foul
1-2: Ball
Wild Pitch!
Larry Battle to second
2-2: Ball
3-2: Base on Balls
Batting: LHB Gary Powers 0-0: Called Strike
0-1: SINGLE (Line Drive, 4MD)
Larry Battle to third
Paul Cotton to second
Batting: RHB Kris Ballard 0-0: Ball
1-0: Ball
2-0: Foul Ball, location: 2F
2-1: Foul Ball, location: 2F
2-2: Foul Ball, location: 2F
2-2: Strikes out swinging
Pitching: LHP Ralph Rose
Batting: RHB Matt Osborne 0-0: Called Strike
0-1: Foul Ball, location: 2F
0-2: Fly out, F7 (Flyball, 78M)
Runner from 3rd tags up, SCORES, throw made
Batting: SHB Caden Keith 0-0: Called Strike
0-1: Ball
1-1: Foul Ball, location: 2F
1-2: Ball
2-2: Foul Ball, location: 2F
2-2: Strikes out swinging
Bottom of the 7th over - 1 run(s), 1 hit(s), 0 error(s), 2 left on base; Buchanan HS 0 - H.H. Dow HS 8
TOP OF THE 8TH
Buchanan HS batting - Pitching for H.H. Dow HS Chargers : RHP Benton Wilkerson
Batting: SHB Frank Kennedy 0-0: Foul Ball, location: 2F
0-1: Swinging Strike
0-2: Ball
1-2: Foul Ball, location: 2F
1-2: SINGLE (Flyball, 89M)
Batting: RHB Leonardo Sinisterra 0-0: Ball
1-0: Foul Ball, location: 2F
1-1: Fly out, F9 (Flyball, 9S)
Pitching: RHP Ken Tabb
Batting: RHB Jason Stover 0-0: SINGLE (Groundball, 56) (infield hit)
Frank Kennedy to second
Batting: RHB Matt Rodríguez 0-0: 3-RUN HOME RUN (Flyball, 7LD), Distance : 352 ft
Batting: SHB Ken Gibson 0-0: Ball
1-0: Ball
2-0: DOUBLE (Flyball, 8LM)
Batting: RHB Ken Miller 0-0: Ball
1-0: Ball
2-0: Ball
3-0: Called Strike
3-1: Swinging Strike
3-2: Ground out 6-3 (Groundball, 6)
Batting: RHB Mike Willis 0-0: Ball
1-0: Foul Ball, location: 2F
1-1: Ball
2-1: Ball
3-1: Foul Ball, location: 2F
3-2: Fly out, F7 (Flyball, 7LM)
Top of the 8th over - 3 run(s), 4 hit(s), 0 error(s), 1 left on base; Buchanan HS 3 - H.H. Dow HS 8
BOTTOM OF THE 8TH
H.H. Dow HS Chargers batting - Pitching for Buchanan HS : LHP Ralph Rose
Batting: LHB José Morales 0-0: Ball
1-0: Ball
2-0: Swinging Strike
2-1: Ball
3-1: SINGLE (Line Drive, 8LS)
Batting: RHB Jesús Domínguez 0-0: Called Strike
Pickoff Throw to First - Out!
0-1: Ground out 5-3 (Groundball, 5L)
Batting: RHB Tanner Albert 0-0: Ball
1-0: Ground out 6-3 (Groundball, 6M)
Bottom of the 8th over - 0 run(s), 1 hit(s), 0 error(s), 0 left on base; Buchanan HS 3 - H.H. Dow HS 8
TOP OF THE 9TH
Buchanan HS batting - Pitching for H.H. Dow HS Chargers : RHP Ken Tabb
Now at C: John Small
Batting: RHB Ron Hale 0-0: Foul Ball, location: 2F
0-1: Ball
1-1: Swinging Strike
1-2: Ball
2-2: Ball
3-2: Strikes out looking
Batting: RHB José Montoya 0-0: Ball
1-0: Ball
2-0: Ball
3-0: Called Strike
3-1: Foul Ball, location: 2F
3-2: Foul Ball, location: 2F
3-2: Strikes out swinging
Batting: SHB Frank Kennedy 0-0: Ball
1-0: Ball
2-0: Ball
3-0: Base on Balls
Batting: RHB Leonardo Sinisterra 0-0: Called Strike
0-1: Ball
Wild Pitch!
Frank Kennedy to second
1-1: Ball
2-1: Foul Ball, location: 2F
2-2: 2-RUN HOME RUN (Flyball, 7D), Distance : 369 ft
Pitching: RHP Mack Rhodes
Batting: RHB Jason Stover 0-0: Ball
1-0: Called Strike
1-1: SINGLE (Line Drive, 6D)
Batting: RHB Matt Rodríguez 0-0: Called Strike
0-1: Foul Ball, location: 2F
0-2: Fly out, F9 (Flyball, 9LM)
Top of the 9th over - 2 run(s), 2 hit(s), 0 error(s), 1 left on base; Buchanan HS 5 - H.H. Dow HS 8
This league is powered by Out of the Park Baseball, the baseball management simulation game for PC, Mac and Linux
Wednesday, December 2nd, 2015 - OOTP Baseball 16.8 Build 38